 Dungeon Crawl Stone Soup version 0.17-b1-15-g0f5fb43 (webtiles) character file.

257054 4thArraOfDagon the Black Belt (level 18, -35/182 HPs)
             Began as a Demonspawn Monk on Nov 3, 2015.
             Was the Champion of Cheibriados.
             Killed by Lee's Rapid Deconstruction
             ... invoked by Jorgrun
              (36 damage)
             ... on level 3 of the Elven Halls.
             The game lasted 02:00:05 (12715 turns).

4thArraOfDagon the Black Belt (Demonspawn Monk)    Turns: 12715, Time: 02:00:05

Health: -35/182    AC: 35    Str: 30    XL:     18   Next: 61%
Magic:  31/31      EV: 35    Int: 36    God:    Cheibriados [******]
Gold:   298        SH:  0    Dex: 34    Spells: 8 memorised, 13 levels left

rFire  + . .     SeeInvis .       - Unarmed
rCold  . . .     Clarity  .     (armour currently unavailable)
rNeg   + . .     SustAt   .     (no shield)
rPois  ∞         Gourm    .     v - +2 hat {Int+3}
rElec  +         Spirit   .     Y - +2 cloak {MR+}
rCorr  +         Warding  .     (gloves unavailable)
rMut   .         Stasis   .     (boots currently unavailable)
MR     ++++.                    l - amulet of resist corrosion
Stlth  ++++......               L - ring of wizardry
                                d - ring of protection from magic

@: agile, statue-form, stone skin, repel missiles, very slow, incredibly
resistant to hostile enchantments, stealthy
A: claws 3, thin metallic scales 3, fire resistance 1, magic resistance 1,
powered by death 2, powered by pain 1
a: End Transformation, Bend Time, Temporal Distortion, Slouch, Step From Time,
Renounce Religion
}: 3/15 runes: serpentine, barnacled, slimy


You were on level 3 of the Elven Halls.
You worshipped Cheibriados.
Cheibriados was exalted by your worship.
You were not hungry.
You were a stone statue.
You visited 8 branches of the dungeon, and saw 45 of its levels.
You also visited: Volcano.

You collected 3168 gold pieces.
You spent 2870 gold pieces at shops.

Inventory:

Hand Weapons
 S - a +0 blowgun of evasion
Missiles
 j - 6 curare-tipped needles
 B - 4 throwing nets (quivered)
Armour
 v - a +2 hat of intelligence (worn)
 Q - a +1 troll leather armour (melded)
 T - the +2 pair of boots of a treasure trove (melded) {MR+}
   (You bought it in a shop on level 4 of the Orcish Mines)

   It affects your resistance to hostile enchantments.
 Y - a +2 cloak of magic resistance (worn)
Jewellery
 a - an uncursed ring of protection from cold
 d - a ring of protection from magic (left claw)
 g - the ring "Veeg" {+/*Tele rPois Dex+5}
   (You took it off a deep elf annihilator on level 3 of the Elven Halls)

   [ring of teleportation]

   It may teleport you to nearby monsters, and can be evoked to randomly
   teleport.
   It affects your dexterity (+5).
   It protects you from poison.
 l - an amulet of resist corrosion (around neck)
 r - a +3 ring of evasion
 t - an uncursed ring of flight
 J - an uncursed ring of protection from fire
 L - a ring of wizardry (right claw)
 V - the ring of Secrets {Fire rElec Str+2 Dex-3}
   (You found it on level 6 of the Pits of Slime)

   [ring of fire]

   It enhances your fire magic, and weakens your ice magic.
   It affects your strength (+2).
   It affects your dexterity (-3).
   It protects you from fire.
   It makes you vulnerable to cold.
   It insulates you from electricity.
Wands
 k - a wand of teleportation (9)
 A - a wand of invisibility (5)
 M - a wand of digging (11)
 U - a wand of random effects (26)
Scrolls
 e - 2 scrolls of fear
 h - a scroll of noise
 i - 5 scrolls of teleportation
 o - a scroll of recharging
 w - 3 scrolls of immolation
 y - 8 scrolls of remove curse
 E - 3 scrolls of summoning
 W - 3 scrolls of magic mapping
Potions
 m - 3 potions of flight
 n - 3 potions of brilliance
 p - a potion of ambrosia
 q - a potion of heal wounds
 s - 5 potions of lignification
 x - 3 potions of cancellation
 z - a potion of cure mutation
 C - 4 potions of might
 D - 11 potions of curing
 G - 3 potions of agility
 K - 3 potions of magic
 X - 5 potions of berserk rage
 Z - a potion of poison
Miscellaneous
 u - a box of beasts
 I - a lamp of fire
 N - a sack of spiders {used: 4}
 O - a phial of floods
Comestibles
 b - 13 bread rations
 c - 29 fruits
 f - 9 slices of pizza
 F - 12 meat rations
 H - 4 chunks of flesh
 R - 3 royal jellies


   Skills:
 + Level 12.2 Fighting
 + Level 13.0 Dodging
 - Level 1.7 Stealth
 * Level 15.9 Unarmed Combat
 - Level 9.2 Spellcasting
 * Level 3.7 Charms
 * Level 4.7 Necromancy
 - Level 4.8 Translocations
 - Level 11.2 Transmutations
 - Level 11.0 Earth Magic
 - Level 11.0 Invocations
 - Level 8.3 Evocations


You had 13 spell levels left.
You knew the following spells:

 Your Spells              Type           Power        Failure   Level  Hunger
a - Cure Poison           Pois           ###.......   1%          2    None
b - Apportation           Tloc           ######....   1%          1    None
c - Animate Skeleton      Necr           N/A          1%          1    None
d - Statue Form           Trmt/Erth      #######..    2%          6    #####..
e - Stoneskin             Trmt/Erth      #######.     1%          2    None
f - Phase Shift           Tloc           ######....   4%          5    ###....
g - Repel Missiles        Chrm/Air       ####..       1%          2    None
h - Regeneration          Chrm/Necr      #####.....   1%          3    None


Dungeon Overview and Level Annotations

Branches:
Dungeon (15/15)            Temple (1/1) D:4            Lair (8/8) D:10
 Shoals (4/4) Lair:4        Snake (4/4) Lair:3        Slime (6/6) Lair:8
    Orc (4/4) D:11            Elf (3/3) Orc:3
 Vaults: D:13-14     Depths: D:15

Altars:
Ashenzari
Cheibriados
Dithmenos
Elyvilon
Fedhas
Gozag
Makhleb
Nemelex Xobeh
Okawaru
Qazlal
Sif Muna
Vehumet
Xom
Yredelemnul
Zin
Beogh
Jiyva

Shops:
D:5 *   D:9 :   D:12 ?   D:13 ::   Orc:2 (   Orc:3 =   Orc:4 *[:(   Elf:1 [
Elf:3 !

Portals:
Hell: Lair:8
Trove: D:11 (give +4 storm dragon armour)

Annotations:
D:3 Purgy, Sigmund
D:13 1 runed door
Snake:2 Vashnia
Orc:3 4thArraOfDagon's ghost, journeyman DsAs
Elf:3 Jorgrun


Innate Abilities, Weirdness & Mutations

You have claws for hands.
(You are completely covered in thin metallic scales (AC +4, rElec).)
You regenerate health from kills.
You sometimes gain a little power by taking damage.
Your flesh is heat resistant.
You are resistant to hostile enchantments.


Message History

Unknown command.
You hear a grinding noise.
Unknown command.
Unknown command.
You hear a grinding noise.
Jorgrun mumbles some strange words.
The dungeon rumbles around Jorgrun!
You shudder from the earth-shattering force.
* * * LOW HITPOINT WARNING * * *
Ka-crash!
You hear a shout!
You hear a shout!
You hear a shout!
Things that are here:
a rapier; 2 arrows Unknown command.
Unknown command.
Read which item? (? for menu, Esc to quit)
Okay, then.
You fail to use your ability.
Jorgrun points at you and mumbles some strange words.
You shatter!
You die...

,,,,,,,,,,,..*.e,,,,,,,,,,,,*,,,,
*****,,,,,,..,..,,,,,,*******,,,,
,+,,,,⌠,,,,#.e.#,,,,⌠,,,,+,,**,,,
,*,,,,,,***#.,.#***,,,,,,*,,***+*
,**,,**** #.*.# ####*,,**,,* *,*
,,**+* #.*.##.#.#*+**,,,* *,*
,,,,,* #.#.#(..##*,,,,,****,*
*,,,,* #...##)..#*,,,,****,,,
****** ##.##8..#*******,,,,,, *,*
#=#....#*,**<*****,,, ,**
#)).#..#*,##,*****,,* **
...(.#....#.,,,,,,*,,* *
##.##..g.##.#*,#**,,,,, ##
.....##.#*.# ***,,* *###
##...#.#**.# *,,* ,..#
#.....###.#####,,* *#.#
##...(..#......,,*


You could see Jorgrun.

Vanquished Creatures
  the royal jelly (Slime:6)
  Norris (Elf:3)
  A deep elf blademaster (Elf:3)
  2 deep elf master archers (Elf:3)
  Polyphemus (Shoals:2)
  14 acid blobs
  Agnes (D:14)
  3 greater nagas (Snake:4)
  8 azure jellies
  Ilsuiw (Shoals:4)
  2 deep elf sorcerers (Elf:3)
  A frost giant (Shoals:4)
  Aizul (Snake:1)
  An orc warlord (Orc:4)
  4 deep elf demonologists (Elf:3)
  A salamander stormcaller (D:12)
  2 deep elf annihilators (Elf:3)
  2 dire elephants (Lair:8)
  A merfolk javelineer (Shoals:4)
  6 deep elf death magi (Elf:3)
  7 merfolk impalers
  4 death oozes (Slime:6)
  Josephine (Orc:4)
  5 great orbs of eyes
  An ogre mage (D:12)
  8 naga warriors
  8 hydras
  2 catoblepae
  The ghost of Snowclone the Cleaver, a journeyman HuWn of Ashenzari (D:10)
  A merfolk avatar (Shoals:4)
  7 dancing weapons (Elf:2)
  2 centaur warriors
  8 anacondas
  3 satyrs (Shoals:3)
  3 merfolk aquamancers (Shoals:4)
  An orc high priest (Orc:4)
  A tengu warrior (D:11)
  15 death yaks
  2 shock serpents
  Urug (Lair:4)
  10 naga sharpshooters
  A deep elf knight (Elf:3)
  A small abomination (Elf:3)
  Sonja (Orc:4)
  A skeletal warrior (D:12)
  A sun demon (Lair:8)
  The ghost of radek the Infuser, a novice DECj of Vehumet (D:9)
  A wizard (Lair:8)
  7 sea snakes
  An unseen horror (D:11)
  A deep elf summoner (Elf:1)
  A giant orange brain (Slime:6)
  4 naga ritualists
  A large abomination (Elf:3)
  8 deep elf conjurers
  6 hill giants
  7 orc knights
  A harpy (shapeshifter) (D:12)
  2 salamanders
  4 ugly things
  An oklob plant (Shoals:1)
  2 mana vipers (Snake:3)
  2 orc sorcerers
  9 harpies
  6 statues (Volcano)
  8 griffons
  A cyclops (D:12)
  4 shining eyes
  11 elephants
  5 manticores
  8 fauns (Shoals:3)
  3 centaur zombies
  4 sirens
  5 naga magi
  3 water nymphs
  A guardian serpent (Snake:2)
  5 orange demons (Lair:8)
  24 black mambas
  A smoke demon (Lair:8)
  2 eyes of devastation
  2 komodo dragons (Lair:8)
  3 fire drakes
  2 centaur skeletons
  9 spiny frogs
  2 red devils (Lair:8)
  A queen bee (shapeshifter) (Elf:3)
  2 deep elf priests
  A hellwing (Lair:8)
  A wind drake (Shoals:4)
  8 merfolk
  An efreet (D:13)
  3 two-headed ogres
  2 blue devils (Lair:8)
  8 blink frogs
  5 trolls
  4 snapping turtles
  3 boulder beetles
  44 slime creatures
  31 yaks
  A water elemental (Shoals:4)
  10 deep elf magi
  3 wyverns
  A centaur simulacrum (D:12)
  4 basilisks
  3 hungry ghosts
  5 wraiths
  6 golden eyes (Slime:6)
  12 hippogriffs
  5 wargs
  2 fire bats (Volcano)
  6 wolves (Lair:7)
  5 deep elf fighters (Elf:2)
  21 nagas
  Duvessa (D:4)
  26 orc warriors
  A hell hound (Lair:8)
  3 phantoms
  4 sky beasts
  6 porcupines
  4 centaurs
  3 ice beasts
  7 water moccasins
  3 black bears
  5 eyes of draining
  13 ogres
  12 crocodiles
  11 giant frogs
  A gnoll sergeant (D:8)
  Dowan (D:4)
  4 big kobolds
  5 scorpions
  6 lava snakes (Volcano)
  6 killer bees (D:12)
  7 crimson imps
  3 giant frog zombies
  3 hounds
  23 orc wizards
  15 orc priests
  12 jellies
  A wyvern simulacrum (D:14)
  A wasp zombie (D:12)
  A giant frog skeleton (D:13)
  A gnoll shaman (D:6)
  4 iguanas
  10 sheep
  4 worker ants
  14 gnolls
  3 adders (D:8)
  37 river rats
  A worm (D:3)
  A giant gecko (D:11)
  177 orcs
  A bat (D:2)
  5 giant cockroaches
  3 goblins
  2 jackals (D:9)
  3 quokkas
  A ball python skeleton (D:4)
  5 giant newts
  8 kobolds
  A rat (D:3)
  A plant (Lair:8)
986 creatures vanquished.

Vanquished Creatures (collateral kills)
  2 greater nagas (Snake:4)
  A merfolk impaler (Shoals:4)
  A naga warrior (Snake:4)
  A merfolk avatar (Shoals:4)
  A satyr (Shoals:4)
  A naga sharpshooter (Snake:4)
  A harpy (Shoals:4)
  A salamander (Snake:4)
  2 black mambas
  Maurice (D:12)
  A naga mage (Snake:4)
  3 merfolk (Shoals:4)
  A deep elf mage (D:12)
  A deep elf fighter (Elf:2)
  4 nagas (Snake:4)
  A water moccasin (Lair:8)
  A shadow imp (D:12)
24 creatures vanquished.

Vanquished Creatures (others)
  A merfolk aquamancer (Shoals:4)
  A hill giant (D:12)
  38 fungi
  21 plants
61 creatures vanquished.

Grand Total: 1071 creatures vanquished

Notes
Turn   | Place    | Note
--------------------------------------------------------------
     0 | D:1      | 4thArraOfDagon the Demonspawn Monk began the quest for the Orb.
     0 | D:1      | Reached XP level 1. HP: 18/18 MP: 1/1
   290 | D:3      | Noticed Purgy
   447 | D:3      | Noticed an orc priest
   459 | D:2      | Gained mutation: You have sharp fingernails. [demonic ancestry]
   459 | D:2      | Reached XP level 2. HP: 16/24 MP: 2/2
   571 | D:3      | Noticed Sigmund
   639 | D:3      | Killed an orc priest
   639 | D:3      | Reached skill level 4 in Unarmed Combat
   639 | D:3      | Gained mutation: You have very sharp fingernails. [demonic ancestry]
   639 | D:3      | Reached XP level 3. HP: 26/29 MP: 3/3
   756 | D:4      | Noticed an ogre
   766 | D:4      | Killed an ogre
   766 | D:4      | Reached skill level 5 in Unarmed Combat
   766 | D:4      | Gained mutation: You sometimes gain a little power by taking damage. [demonic ancestry]
   766 | D:4      | Reached XP level 4. HP: 35/35 MP: 4/4
   919 | D:4      | Found a staircase to the Ecumenical Temple.
   924 | Temple   | Entered the Ecumenical Temple
   948 | Temple   | Became a worshipper of Cheibriados the Contemplative
   948 | Temple   | Reached * piety under Cheibriados
   948 | Temple   | Reached ** piety under Cheibriados
  1033 | D:5      | Entered Level 5 of the Dungeon
  1037 | D:5      | Noticed Duvessa
  1039 | D:5      | Noticed Dowan
  1059 | D:4      | Killed Duvessa
  1059 | D:4      | Reached skill level 1 in Invocations
  1059 | D:4      | Reached XP level 5. HP: 31/41 MP: 3/6
  1064 | D:4      | Killed Dowan
  1064 | D:4      | Reached XP level 6. HP: 25/47 MP: 3/7
  1238 | D:5      | Reached skill level 6 in Unarmed Combat
  1283 | D:5      | Found Ybulueh's General Store.
  1298 | D:5      | Reached XP level 7. HP: 35/53 MP: 9/9
  1300 | D:5      | Noticed an ogre
  1308 | D:5      | Killed an ogre
  1328 | D:5      | Found a shattered altar of Ashenzari.
  1363 | D:6      | Found a shattered altar of Ashenzari.
  1543 | D:6      | Learned a level 2 spell: Cure Poison
  1754 | D:7      | Reached skill level 7 in Unarmed Combat
  1754 | D:7      | Gained mutation: You are partially covered in thin metallic scales (AC +2). [demonic ancestry]
  1754 | D:7      | Reached XP level 8. HP: 51/61 MP: 8/11
  1838 | D:7      | Reached *** piety under Cheibriados
  1849 | D:7      | Reached skill level 5 in Dodging
  1913 | D:7      | Reached skill level 5 in Fighting
  1913 | D:7      | Reached skill level 5 in Invocations
  2126 | D:8      | Learned a level 1 spell: Apportation
  2128 | D:8      | Learned a level 1 spell: Animate Skeleton
  2238 | D:8      | Noticed a troll
  2247 | D:8      | Killed a troll
  2247 | D:8      | Reached skill level 8 in Unarmed Combat
  2262 | D:8      | no regen for you
  2345 | D:9      | Noticed a troll
  2352 | D:8      | Reached XP level 9. HP: 52/68 MP: 10/13
  2461 | D:8      | Reached **** piety under Cheibriados
  2564 | D:9      | Noticed radek's ghost (novice DECj)
  2569 | D:9      | Killed a troll
  2592 | D:9      | Killed radek's ghost
  2592 | D:9      | Reached skill level 9 in Unarmed Combat
  2599 | D:9      | no regen for you#2
  2668 | D:9      | Found Jikhomy's Book Shop.
  2686 | D:9      | :(
  2689 | D:9      | no win for you
  2697 | D:9      | Found an iron altar of Okawaru.
  2790 | D:9      | Found a sparkling altar of Nemelex Xobeh.
  2926 | D:10     | Entered Level 10 of the Dungeon
  2941 | D:10     | Reached XP level 10. HP: 77/77 MP: 15/15
  2962 | D:10     | Noticed Snowclone's ghost (journeyman HuWn)
  2977 | D:10     | Killed Snowclone's ghost
  3063 | D:10     | Found a staircase to the Lair.
  3166 | D:10     | Reached skill level 10 in Unarmed Combat
  3323 | D:10     | Noticed a centaur zombie
  3340 | D:10     | Killed a centaur zombie
  3357 | D:11     | Reached ***** piety under Cheibriados
  3401 | D:11     | You fall through a shaft for 2 floors!
  3402 | D:13     | what
  3500 | D:13     | Noticed a hill giant
  3512 | D:13     | Killed a hill giant
  3595 | D:13     | Found a glowing silver altar of Zin.
  3600 | D:13     | Gained mutation: You have claws for hands. [demonic ancestry]
  3600 | D:13     | Reached XP level 11. HP: 49/86 MP: 18/18
  3632 | D:13     | Noticed an anubis guard
  3726 | D:13     | Found a runed door.
  3727 | D:13     | Found a white marble altar of Elyvilon.
  3727 | D:13     | Noticed an angel
  3748 | D:13     | Noticed a centaur warrior
  3754 | D:13     | Killed a centaur warrior
  3754 | D:13     | Reached skill level 11 in Unarmed Combat
  3792 | D:13     | Found Tiekkust's Book Shoppe.
  3904 | D:14     | Noticed Agnes
  3904 | D:14     | WHY
  3909 | D:14     | Killed Agnes
  3909 | D:14     | Reached skill level 1 in Spellcasting
  3909 | D:14     | Reached skill level 10 in Invocations
  3985 | D:15     | Entered Level 15 of the Dungeon
  4188 | D:12     | Noticed Maurice
  4206 | D:12     | Reached skill level 1 in Evocations
  4206 | D:12     | Killed Maurice
  4222 | D:12     | Noticed a hill giant
  4223 | D:12     | Noticed a hill giant
  4228 | D:12     | Noticed a centaur warrior
  4230 | D:12     | Killed a hill giant
  4233 | D:12     | Killed a hill giant
  4238 | D:12     | Noticed a fire crab
  4241 | D:12     | Killed a centaur warrior
  4241 | D:12     | Reached XP level 12. HP: 76/94 MP: 10/19
  4246 | D:12     | Noticed a hill giant
  4254 | D:12     | Noticed a salamander stormcaller
  4259 | D:12     | Killed a hill giant
  4281 | D:12     | Noticed a hill giant
  4283 | D:12     | Noticed a hill giant
  4291 | D:12     | Noticed an ogre mage
  4357 | D:11     | Killed an unseen horror
  4387 | D:11     | Noticed a tengu warrior
  4403 | D:11     | Killed a tengu warrior
  4449 | D:11     | Found a staircase to the Orcish Mines.
  4458 | Orc:1    | Entered Level 1 of the Orcish Mines
  4867 | Orc:2    | Found Axodunt's Weapon Shop.
  4934 | Orc:3    | Found a staircase to the Elven Halls.
  5094 | Orc:3    | Noticed 4thArraOfDagon's ghost (journeyman DsAs)
  5179 | Orc:3    | Found a roughly hewn altar of Beogh.
  5185 | Orc:3    | Reached skill level 12 in Unarmed Combat
  5202 | Orc:3    | Found Ybauts's Jewellery Boutique.
  5228 | Orc:3    | Reached ****** piety under Cheibriados
  5236 | Orc:3    | Bought a cursed ring of teleportation for 174 gold pieces
  5338 | Orc:4    | Entered Level 4 of the Orcish Mines
  5343 | Orc:4    | Noticed an orc warlord
  5476 | Orc:4    | Found Zeruh's General Store.
  5494 | Orc:4    | Noticed Sonja
  5495 | Orc:4    | Killed Sonja
  5517 | Orc:4    | Found Ogugip's Antique Armour Shop.
  5592 | Orc:4    | Killed an orc warlord
  5592 | Orc:4    | Reached skill level 5 in Spellcasting
  5621 | Orc:4    | Bought a pair of shimmering boots for 323 gold pieces
  5645 | Orc:4    | Identified the +2 pair of boots of a treasure trove {MR+} (You bought it in a shop on level 4 of the Orcish Mines)
  5763 | Orc:4    | Found Wusaewomma's Antique Weapon Boutique.
  5764 | Orc:4    | Noticed Josephine
  5772 | Orc:4    | Killed Josephine
  5772 | Orc:4    | Reached skill level 10 in Dodging
  5787 | Orc:4    | Reached XP level 13. HP: 85/101 MP: 16/22
  5895 | Orc:4    | Found Ybrygi's Book Shoppe.
  5996 | Orc:4    | Bought a potion of might for 60 gold pieces
  6267 | D:11     | Found a portal to a secret trove of treasure.
  6304 | D:12     | Killed a hill giant
  6306 | D:12     | Killed an ogre mage
  6314 | D:12     | Killed a hill giant
  6393 | D:12     | Found Noapn's Magic Scroll Emporium.
  6403 | D:12     | Bought a scroll of magic mapping for 42 gold pieces
  6408 | D:12     | Noticed a skeletal warrior
  6490 | D:12     | Killed a skeletal warrior
  6495 | D:12     | Got a pitted chain mail
  6545 | D:12     | Killed a salamander stormcaller
  6616 | D:13     | Found Ykku's Book Shoppe.
  6619 | D:13     | Bought a book of Transfigurations for 825 gold pieces
  6626 | D:13     | Learned a level 6 spell: Statue Form
  6629 | D:13     | Learned a level 2 spell: Stoneskin
  6684 | D:12     | Bought a scroll of teleportation for 36 gold pieces
  6688 | D:13     | Noticed a six-headed hydra
  6701 | D:13     | Killed a ten-headed hydra
  6701 | D:13     | Reached skill level 1 in Transmutations
  6701 | D:13     | Reached skill level 1 in Earth Magic
  6865 | Lair:1   | Entered Level 1 of the Lair of Beasts
  7150 | Lair:3   | Identified the +5 chain mail of Brilliance {rF+} (You took it off a skeletal warrior on level 12 of the Dungeon)
  7166 | Lair:4   | Found a staircase to the Shoals.
  7254 | Lair:4   | Noticed Urug
  7262 | Lair:4   | Killed Urug
  7289 | Lair:4   | Found a dark tunnel.
  7294 | Volcano  | Entered a volcano
  7545 | Volcano  | Found a shimmering altar of Xom.
  7803 | Lair:7   | Identified a scroll of acquirement
  7847 | Lair:8   | Entered Level 8 of the Lair of Beasts
  7867 | Lair:7   | Gained mutation: You regenerate a little health from kills. [demonic ancestry]
  7867 | Lair:7   | Reached XP level 14. HP: 71/108 MP: 27/27
  7967 | Lair:6   | Gained mutation: Your flesh is heat resistant. [potion of mutation]
  7967 | Lair:6   | Gained mutation: Your system is resistant to poisons. [potion of mutation]
  7967 | Lair:6   | Gained mutation: Your body sometimes deteriorates upon taking damage. [potion of mutation]
  7997 | Lair:7   | Reached skill level 5 in Earth Magic
  8006 | Lair:7   | Reached skill level 5 in Transmutations
  8412 | Lair:8   | Noticed a dire elephant
  8540 | Lair:8   | Noticed a dire elephant
  8547 | Lair:8   | Killed a dire elephant
  8568 | Lair:8   | Found a burning altar of Makhleb.
  8618 | Lair:8   | Found a gateway to Hell.
  8909 | Shoals:1 | Entered Level 1 of the Shoals
  8995 | Shoals:2 | Noticed Polyphemus
  9006 | Shoals:2 | Reached XP level 15. HP: 113/113 MP: 28/28
  9194 | Shoals:4 | Entered Level 4 of the Shoals
  9202 | Shoals:4 | Noticed Ilsuiw
  9213 | Shoals:4 | Reached skill level 10 in Transmutations
  9224 | Shoals:4 | Reached skill level 10 in Earth Magic
  9262 | Shoals:4 | Killed Ilsuiw
  9340 | Shoals:4 | Learned a level 5 spell: Phase Shift
  9540 | Shoals:4 | Learned a level 2 spell: Repel Missiles
  9579 | Shoals:4 | Got a barnacled rune of Zot
  9685 | Shoals:2 | Killed Polyphemus
  9696 | Shoals:1 | Found a shattered altar of Ashenzari.
  9790 | Shoals:1 | Gained mutation: You regenerate health from kills. [demonic ancestry]
  9790 | Shoals:1 | Reached XP level 16. HP: 113/120 MP: 29/29
  9836 | Lair:3   | Found a staircase to the Snake Pit.
  9846 | Snake:1  | Entered Level 1 of the Snake Pit
  9850 | Snake:1  | Noticed Aizul
  9859 | Snake:1  | Killed Aizul
  9985 | Snake:2  | Noticed Vashnia
 10007 | Snake:2  | Reached skill level 5 in Evocations
 10215 | Snake:4  | Entered Level 4 of the Snake Pit
 10402 | Snake:4  | Reached skill level 13 in Unarmed Combat
 10440 | Snake:4  | Got a sparkling lead ring
 10441 | Snake:4  | Identified the cursed ring of Nuunlonnopsi {rElec Str-2} (You took it off a greater naga on level 4 of the Snake Pit)
 10459 | Snake:4  | Reached skill level 10 in Fighting
 10622 | Snake:4  | Got a serpentine rune of Zot
 10950 | Lair:8   | Killed a dire elephant
 10950 | Lair:8   | Gained mutation: You are mostly covered in thin metallic scales (AC +3). [demonic ancestry]
 10950 | Lair:8   | Reached XP level 17. HP: 129/129 MP: 24/30
 10953 | Lair:8   | Found a viscous altar of Jiyva.
 10953 | Lair:8   | Found a staircase to the Slime Pits.
 10961 | Slime:1  | Entered Level 1 of the Pits of Slime
 11047 | Slime:2  | Gained mutation: Your magical capacity is low (-10% MP). [a shining eye]
 11051 | Slime:2  | Gained mutation: Scrolls take you a little longer to read. [a shining eye]
 11136 | Slime:3  | Reached skill level 14 in Unarmed Combat
 11228 | Slime:6  | Entered Level 6 of the Pits of Slime
 11229 | Slime:6  | Lost mutation: Scrolls take you a little longer to read. [a shining eye]
 11230 | Slime:6  | Gained mutation: Potions and wands are less effective at restoring your health. [a shining eye]
 11231 | Slime:6  | Gained mutation: You are clumsy. (Dex -2) [a shining eye]
 11302 | Slime:6  | Noticed the royal jelly
 11335 | Slime:6  | Killed the royal jelly
 11335 | Slime:6  | Reached skill level 15 in Unarmed Combat
 11356 | Slime:6  | Gained mutation: You are occasionally teleported to nearby monsters. [a shining eye]
 11357 | Slime:6  | Gained mutation: Armour fits poorly on your strangely shaped body. [a shining eye]
 11385 | Slime:6  | Got a wavering wooden ring
 11393 | Slime:6  | Identified the ring of Secrets {Fire rElec Str+2 Dex-3} (You found it on level 6 of the Pits of Slime)
 11444 | Slime:6  | Got a slimy rune of Zot
 11471 | Slime:6  | Gained mutation: You are resistant to hostile enchantments. [potion of mutation]
 11471 | Slime:6  | Gained mutation: Your magical capacity is very low (-20% MP). [potion of mutation]
 11471 | Slime:6  | Gained mutation: You can spit weak poison. [potion of mutation]
 11472 | Slime:6  | Identified the Volume of the Eight Boll Weevils (You found it on level 6 of the Pits of Slime)
 11506 | Slime:6  | Gained mutation: You occasionally shout uncontrollably at your foes. [a shining eye]
 11733 | Lair:5   | Gained mutation: You are completely covered in thin metallic scales (AC +4, rElec). [demonic ancestry]
 11733 | Lair:5   | Reached XP level 18. HP: 140/140 MP: 18/25
 11914 | D:10     | Noticed a two-headed hydra
 11919 | D:10     | Killed a six-headed hydra
 12048 | Orc:4    | Bought 2 potions of cure mutation for 1050 gold pieces
 12048 | Orc:4    | Lost mutation: You occasionally shout uncontrollably at your foes. [potion of cure mutation]
 12048 | Orc:4    | Lost mutation: Your magical capacity is very low (-20% MP). [potion of cure mutation]
 12048 | Orc:4    | Lost mutation: You can spit weak poison. [potion of cure mutation]
 12048 | Orc:4    | Lost mutation: Potions and wands are less effective at restoring your health. [potion of cure mutation]
 12048 | Orc:4    | Lost mutation: You are clumsy. (Dex -2) [potion of cure mutation]
 12049 | Orc:4    | Lost mutation: Armour fits poorly on your strangely shaped body. [potion of cure mutation]
 12049 | Orc:4    | Lost mutation: Your system is resistant to poisons. [potion of cure mutation]
 12049 | Orc:4    | Lost mutation: Your magical capacity is low (-10% MP). [potion of cure mutation]
 12049 | Orc:4    | Lost mutation: Your body sometimes deteriorates upon taking damage. [potion of cure mutation]
 12049 | Orc:4    | Lost mutation: You are occasionally teleported to nearby monsters. [potion of cure mutation]
 12080 | Elf:1    | Entered Level 1 of the Elven Halls
 12098 | Elf:1    | Found Ywenyton's Antique Armour Shop.
 12291 | Elf:2    | Learned a level 3 spell: Regeneration
 12320 | Elf:2    | Reached skill level 1 in Necromancy
 12323 | Elf:2    | Reached skill level 1 in Charms
 12374 | Elf:3    | Entered Level 3 of the Elven Halls
 12441 | Elf:3    | Found Ycoibypn's Distillery.
 12449 | Elf:3    | Bought a potion of agility for 48 gold pieces
 12449 | Elf:3    | Bought a potion of curing for 36 gold pieces
 12449 | Elf:3    | Bought a potion of magic for 96 gold pieces
 12449 | Elf:3    | Bought a potion of curing for 36 gold pieces
 12449 | Elf:3    | Bought a potion of might for 48 gold pieces
 12449 | Elf:3    | Bought a potion of cancellation for 96 gold pieces
 12499 | Elf:3    | Noticed Norris
 12521 | Elf:3    | Killed Norris
 12551 | Elf:3    | Your ally Norris died
 12695 | Elf:3    | Got a steaming platinum ring
 12699 | Elf:3    | Identified the ring "Veeg" {+/*Tele rPois Dex+5} (You took it off a deep elf annihilator on level 3 of the Elven Halls)
 12713 | Elf:3    | Noticed Jorgrun
 12714 | Elf:3    | HP: 1/182 [Jorgrun/Shatter (78)]
 12715 | Elf:3    | Killed from afar by Jorgrun

Action                   |  1- 3 |  4- 6 |  7- 9 | 10-12 | 13-15 | 16-18 || total
-------------------------+-------+-------+-------+-------+-------+-------++-------
Melee: Unarmed           |    42 |    49 |   303 |   610 |   993 |   581 ||  2578
 Fire: Blowgun           |     8 |    14 |    19 |    22 |    17 |       ||    80
Throw: Throwing net      |       |       |       |     1 |     1 |       ||     2
 Cast: Apportation       |       |       |       |       |    79 |    79 ||   158
       Statue Form       |       |       |       |       |    22 |    42 ||    64
       Stoneskin         |       |       |       |       |    14 |    30 ||    44
       Animate Skeleton  |       |       |       |       |    10 |    39 ||    49
       Repel Missiles    |       |       |       |       |     1 |     5 ||     6
Invok: Temporal Distorti |       |       |       |     2 |     1 |     1 ||     4
       Bend Time         |       |       |       |     1 |       |       ||     1
       Slouch            |       |       |       |    13 |     6 |     5 ||    24
 Abil: Evoke Teleportati |       |       |       |       |     3 |    25 ||    28
Evoke: Sack of spiders   |       |       |       |     5 |       |       ||     5
       Phial of floods   |       |       |       |       |     2 |       ||     2
       Wand              |       |       |       |       |     1 |    29 ||    30
       Lamp of fire      |       |       |       |       |       |     1 ||     1
  Use: Scroll            |     1 |     5 |     4 |     5 |    25 |    18 ||    58
       Potion            |       |       |     1 |     6 |     3 |    12 ||    22
 Stab: Sleeping          |       |     1 |     1 |     5 |     7 |     1 ||    15
       Distracted        |       |       |     1 |       |     5 |     3 ||     9
       Held in net/web   |       |       |       |       |     1 |       ||     1
  Eat: Chunk             |       |     1 |     4 |    10 |    17 |    10 ||    42
       Fruit             |       |       |       |     1 |       |     9 ||    10
       Royal jelly       |       |       |       |     1 |       |     1 ||     2
       Pizza             |       |       |       |       |     1 |       ||     1
       Beef jerky        |       |       |       |       |       |     1 ||     1
       Bread ration      |       |       |       |       |       |     1 ||     1
